 Dungeon Crawl Stone Soup version 0.31-a0-39-g17ee01c9f4 (webtiles) character file.

Game seed: 10426528217399628387

12 Nedwor the Cutter (level 2, 0/15 (22) HPs)
             Began as a Demonspawn Gladiator on May 17, 2023.
             Slain by a kobold
             ... wielding a +2 dagger of draining
              (1 damage)
             ... on level 1 of the Dungeon.
             The game lasted 00:00:31 (236 turns).

Nedwor the Cutter (Demonspawn Gladiator)             Turns: 236, Time: 00:00:31

HP:   0/15 (22)     AC: 10    Str: 14    XL:     2   Next: 20%
MP:   2/2           EV: 12    Int:  9    God:
Gold: 0             SH:  0    Dex: 14    Spells: 1/1 levels left

rFire   . . .        a - +0 rapier
rCold   . . .        (no shield)
rNeg    . . .        b - +0 leather armour
rPois   .            c - +0 helmet
rElec   .            (no cloak)
rCorr   .            (no gloves)
SInv    .            (no boots)
Will    .....        (no amulet)
Stlth   +            (no ring)
HPRegen 0.22/turn    (no ring)
MPRegen 0.08/turn

%: no passive effects
@: sanguine armoured, very heavily drained
A: sanguine armour 1
a: no special abilities


You were on level 1 of the Dungeon.
You visited 1 branch of the dungeon, and saw 1 of its levels.

Inventory:

Hand Weapons
 a - a +0 rapier (weapon)
Missiles
 d - 3 throwing nets (quivered)
 e - a javelin
Armour
 b - a +0 leather armour (worn)
 c - a +0 helmet (worn)


   Skills:
 + Level 2.2 Fighting
 * Level 3.0 Short Blades
 - Level 1.7 Throwing
 + Level 0.4 Armour
 + Level 2.8 Dodging


You had one spell level left.
You didn't know any spells.
Your spell library was empty.

Dungeon Overview and Level Annotations

Branches:
Dungeon (1/15)

Altars:


Innate Abilities, Weirdness & Mutations

When seriously injured, your blood forms armour. (AC +6)


Message History

You hit the kobold.
The kobold is severely wounded.
The bat barely misses you. The bat misses you. The jackal barely misses you.
The giant cockroach closely misses you.
The kobold hits you with a +2 dagger of draining.
You feel drained. The rat bites you. The kobold closely misses you.
The jackal bites you but does no damage.
You hit the kobold.
You kill the kobold!
The bat barely misses you. The bat hits you but does no damage.
The giant cockroach bites you but does no damage.
The jackal bites you. The rat closely misses you.
The kobold hits you with a +2 dagger of draining.
Your blood congeals into armour.
You feel drained. The giant cockroach misses you.
You are too injured to fight recklessly!
You are too injured to fight recklessly!
Unknown command.
Unknown command.
You are too injured to fight recklessly!
Unknown command.
You are too injured to fight recklessly!
You are too injured to fight recklessly!
You closely miss the kobold. The jackal barely misses you.
The bat closely misses you.
The kobold hits you with a +2 dagger of draining.
* * * LOW HITPOINT WARNING * * *
You feel drained. The rat misses you.
The giant cockroach bites you but does no damage.
You closely miss the kobold. The bat misses you.
The jackal bites you but does no damage.
The giant cockroach bites you but does no damage.
The jackal barely misses you. The rat bites you.
* * * LOW HITPOINT WARNING * * *
The kobold closely misses you.
You miss the kobold. The bat closely misses you.
The jackal bites you but does no damage.
The giant cockroach misses you.
The kobold hits you with a +2 dagger of draining.
You die...

........# .......#
.. #......####.#
#...........#
#...........#
.##....b......#
#.....rKB.....#
#....)@b....#
......h.....?###+#
.##...............
#...............
#...............
..######.........
##. #####....###.#
# #....##......
#.##.# .#####


You could see a jackal, a giant cockroach, 2 bats, a kobold and a rat.

Vanquished Creatures
  A ball python (D:1)
  2 bats (D:1)
  An endoplasm (D:1)
  A giant cockroach (D:1)
  A goblin (D:1)
  A hobgoblin (D:1)
  A kobold (D:1)
  2 frilled lizards (D:1)
10 creatures vanquished.

Notes
Turn   | Place    | Note
-------+----------+-------------------------------------------
     0 | D:1      | Nedwor the Demonspawn Gladiator began the quest for the
                  | Orb.
     0 | D:1      | Reached XP level 1. HP: 16/16 MP: 1/1
   212 | D:1      | Gained mutation: When seriously injured, your blood forms
                  | armour. (AC +6) [demonic ancestry]
   212 | D:1      | Reached XP level 2. HP: 22/22 MP: 2/2
   228 | D:1      | Reached skill level 3 in Short Blades
   236 | D:1      | Slain by a kobold

Illustrated notes

Levels and vault maps discovered:
D:1:      enne_arrival_octagon_isle, layout_basic, minmay_hexomino_f4

Skill      XL: |  1  2 |
---------------+-------+-----
Short Blades   | 3 |  3.0
Fighting       | |  2.2
Throwing       | |  1.7
Armour         | |  0.4
Dodging        | |  2.8

Action                     || total
---------------------------++-------
  Melee: Rapier            ||    42
 Armour: Leather armour    ||    30
  Dodge: Dodged            ||    72

Table legend: (Time is in decaauts)
 A = Elapsed time spent in this place.
 B = Non-inter-level travel time spent in this place.
 C = Inter-level travel time spent in this place.
 D = Time resting spent in this place.
 E = Time spent auto-exploring this place.
 F = Levels seen in this place.
 G = Mean time per level.
                   A        B        C        D        E       F      G
               +--------+--------+--------+--------+--------+-----+--------+
         Total |    238 |    238 |      0 |      0 |    174 |   1 |  238.0 |
       Dungeon |    238 |    238 |      0 |      0 |    174 |   1 |  238.0 |
               +--------+--------+--------+--------+--------+-----+--------+

Top non-repeatable levels by time:
     D:1: 238 daAuts
